AoeStats
← IsraDguez

Hill Fort

505967842Analyzed
2v2 RM · 21d ago on Sep 11, 2026· 63m 33s· 4 players
Game mode
Random Map
Map size
Medium (4 player)
Population
200
Speed
Normal
Resources
Standard
Victory
Conquest
Starting age
Dark Age
Ending age
Imperial Age
RankedLock teamsTeams togetherTeam positionsShared explorationLock speedFull tech treeHidden civsTurbo modeCheats
Victory
Defeat
🇨🇱 Khmer · Chile
1015
+14
🇺🇸 Burgundians · United States
1000
+42
🇲🇽 Maya · Mexico
1055
-17
🇺🇸 Spanish · United States
879
-11
Leopold
9:07 Loom
11:16 Feudal Age
10:54 Horse Collar
15:36 Double-Bit Axe
22:09 Wheelbarrow
23:32 Fletching
25:45 Castle Age
25:10 Heavy Plow
26:10 Padded Archer Armor
32:31 Scale Mail Armor
33:35 Forging
35:18 Ballistics
39:29 Husbandry
41:50 Murder Holes
42:33 Wheelbarrow
44:05 Town Watch
45:30 Squires
48:10 Bow Saw
48:09 Scale Barding Armor
51:53 Hand Cart
53:37 Crop Rotation
58:29 Imperial Age
57:07 Town Patrol
62:15 Chemistry
61:26 Masonry
62:16 Gold Mining
62:16 Stone Mining
62:53 Chain Mail Armor
CAPITÁN PERRO
0:27 Loom
8:59 Feudal Age
10:31 Wheelbarrow
9:42 Town Watch
9:45 Double-Bit Axe
14:52 Horse Collar
18:46 Castle Age
17:27 Gold Mining
17:27 Stone Mining
17:55 Scale Barding Armor
18:27 Bloodlines
20:07 Husbandry
27:49 Hand Cart
34:04 Heavy Plow
34:25 Bow Saw
38:37 Imperial Age
39:44 Conscription
39:38 Town Patrol
40:42 Crop Rotation
41:33 Ballistics
42:14 Chemistry
41:36 Double Crossbow
41:12 Light Cavalry
42:31 Heavy Scorpion
44:49 Chemistry
43:40 Heated Shot
52:01 Chain Barding Armor
54:57 Plate Barding Armor
RodMe27
2:53 Loom
11:36 Feudal Age
18:23 Castle Age
16:42 Horse Collar
17:09 Gold Mining
18:11 Double-Bit Axe
20:13 Fletching
20:24 Padded Archer Armor
20:27 Heavy Plow
23:43 Bow Saw
24:07 Pikeman
26:32 Squires
29:34 Ballistics
29:38 Leather Archer Armor
41:19 Bodkin Arrow
44:25 Imperial Age
45:37 Imperial Age
43:44 Wheelbarrow
47:24 Chemistry
46:10 Arrowslits
48:32 Bloodlines
48:23 Husbandry
48:43 Halberdier
49:46 Onager
54:12 Onager
57:35 Elite Conquistador
IsraDguez
0:30 Loom
11:29 Feudal Age
16:57 Castle Age
15:43 Scale Mail Armor
16:13 Fletching
16:43 Double-Bit Axe
19:11 Bodkin Arrow
19:25 Squires
20:08 Chain Mail Armor
23:43 Pikeman
25:22 Forging
27:01 Iron Casting
26:36 Arson
30:42 Eagle Warrior
32:12 Bow Saw
35:39 Wheelbarrow
37:09 Hand Cart
40:46 Imperial Age
39:08 Crossbowman
42:30 Holcans
42:55 Plate Mail Armor
48:14 Blast Furnace
46:47 Elite Eagle Warrior
51:27 Onager
59:42 Bracer
Connection lost

Rejoining the realm…

Still unreachable

The connection could not be restored.

Session expired

The server has moved on; the page needs a fresh start.